 Dungeon Crawl Stone Soup version 0.24.0-123-gd5b16e6ec5 (webtiles) character file.

Game seed: 11510266299057092740, levelgen mode: deterministic

2049 FluffierThanThou the Fighter (level 9, 0/83 HPs)
             Began as a Minotaur Fighter on Jan 16, 2020.
             Was a Follower of Okawaru.
             Succumbed to a killer bee's poison
             ... on level 7 of the Dungeon.
             The game lasted 00:11:10 (4686 turns).

FluffierThanThou the Fighter (Minotaur Fighter)     Turns: 4686, Time: 00:11:10

Health: 0/83       AC: 10    Str: 21 (23) XL:     9   Next: 4%
Magic:  17/17      EV:  8    Int:  3 (5)  God:    Okawaru [*.....]
Gold:   335        SH: 10    Dex: 12 (13) Spells: 8/8 levels left

rFire    . . .     SeeInvis .   a - +0 war axe
rCold    + . .     Gourm    .   c - +0 shield
rNeg     . . .     Faith    .   b - +0 scale mail
rPois    .         Spirit   .   (helmet restricted)
rElec    .         Reflect  .   (no cloak)
rCorr    .         Harm     .   g - +1 pair of gloves
MR       .....                  (no boots)
Stlth    ..........             (no amulet)
HPRegen  0.23/turn              f - ring of magical power
MPRegen  0.15/turn              s - ring of protection from cold

@: lethally poisoned (0 -> -1), berserk cooldown
A: retaliatory headbutt, horns 2, agile 1, high mp 1, sense surroundings 1,
MP-powered wands
a: Heroism, Renounce Religion


You were on level 7 of the Dungeon.
You worshipped Okawaru.
Okawaru was aware of your devotion.
You were hungry.

You visited 2 branches of the dungeon, and saw 9 of its levels.

You collected 335 gold pieces.

Inventory:

Hand Weapons
 a - a +0 war axe (weapon)
Armour
 b - a +0 scale mail (worn)
 c - a +0 shield (worn)
 g - a +1 pair of gloves (worn)
   (You found it on level 2 of the Dungeon)
 o - a +0 pair of gloves
   (You found it on level 2 of the Dungeon)
 z - a +0 pair of boots
   (You found it on level 4 of the Dungeon)
 A - the +2 hat of the Bear Spirit {Spirit, +Rage rN+ MR++}
   (You found it on level 4 of the Dungeon)

   It protects you from negative energy.
   It affects your resistance to hostile enchantments.
   It lets you go berserk.
Jewellery
 f - a ring of magical power (left hand)
   (You found it on level 1 of the Dungeon)
 r - an uncursed ring of protection from magic
   (You took it off an orc on level 3 of the Dungeon)
 s - a ring of protection from cold (right hand)
   (You found it on level 4 of the Dungeon)
 y - an uncursed amulet of faith {!P}
   (You found it on level 5 of the Dungeon)
 B - an uncursed ring of see invisible
   (You found it on level 4 of the Dungeon)
 D - a cursed -2 ring of strength
   (You found it on level 6 of the Dungeon)
Scrolls
 h - 4 scrolls of amnesia
 k - 3 scrolls of teleportation {@r4}
 l - 2 scrolls of remove curse {@r2}
 n - 5 scrolls of enchant weapon
 p - a scroll of fear
 u - a scroll of blinking {unknown}
 v - a scroll of enchant armour
 F - a scroll of immolation {unknown}
Potions
 m - 2 potions of magic
Comestibles
 e - 8 rations {!d}


   Skills:
 * Level 9.1 Fighting
 * Level 8.6 Axes
 + Level 6.7 Armour
 + Level 6.7 Shields


You had 8 spell levels left.
You didn't know any spells.
Your spell library was empty.

Dungeon Overview and Level Annotations

Branches:
Dungeon (8/15)             Temple (1/1) D:5
   Lair: D:8-11

Altars:
Ashenzari
Dithmenos
Elyvilon
Gozag
Hepliaklqana
Kikubaaqudgha
Makhleb
Nemelex Xobeh
Okawaru
Qazlal
Ru
Sif Muna
Uskayaw
Vehumet
Wu Jian
Xom
Zin
The Shining One


Innate Abilities, Weirdness & Mutations

You reflexively headbutt those who attack you in melee.
You have a pair of horns on your head.
You are agile. (Dex +2)
You have an increased reservoir of magic. (+10% MP)
You passively map a small area around you.
You expend magic power (3 MP) to strengthen your wands.


Message History

* * * LOW HITPOINT WARNING * * *
You feel sick.
You start resting.
* * * LOW HITPOINT WARNING * * *
You feel sick.
You start resting.
* * * LOW HITPOINT WARNING * * *
You feel sick.
You start resting.
* * * LOW HITPOINT WARNING * * *
You feel sick.
* * * LOW HITPOINT WARNING * * *
You feel sick.
* * * LOW HITPOINT WARNING * * *
You feel sick.
* * * LOW HITPOINT WARNING * * *
You feel sick.
* * * LOW HITPOINT WARNING * * *
You feel sick.
Your transformation is almost over.
Unknown command.
As you read the scroll labeled RAMPAM REXARU, it crumbles to dust.
It is a scroll of identify.
y - an uncursed amulet of faith
* * * LOW HITPOINT WARNING * * *
You feel sick.
As you read the scroll of identify {@r1}, it crumbles to dust.
D - a cursed -2 ring of strength
As you read the scroll of identify {@r1}, it crumbles to dust.
B - an uncursed ring of see invisible
* * * LOW HITPOINT WARNING * * *
You feel sick.
As you read the scroll of identify {@r1}, it crumbles to dust.
n - 5 scrolls of enchant weapon
As you read the scroll of identify {@r1}, it crumbles to dust.
k - 3 scrolls of teleportation
As you read the scroll of identify {@r1}, it crumbles to dust.
h - 4 scrolls of amnesia
* * * LOW HITPOINT WARNING * * *
You feel sick.
As you read the scroll of identify {@r1}, it crumbles to dust.
p - a scroll of fear
As you read the scroll of identify {@r1}, it crumbles to dust.
l - 2 scrolls of remove curse
As you read the scroll of identify {@r1}, it crumbles to dust.
v - a scroll of enchant armour You feel less wooden.
Your +1 pair of gloves unmelds from your body.
Your +0 scale mail unmelds from your body.
You die...

, * * * , , * , , ,
# , , *#####|# * ,
,....... ,, ,
......#
############.......
#>.....@)..).?.....
#^##########)......
, #.# ....... , #.#
* * y...... #.., ,,
,......%, #.. , ,
....... #..
,.###### .... .+ ,
, *


There were no monsters in sight!

Vanquished Creatures
  Pikel (D:4)
  A hornet (D:7)
  A hippogriff (D:6)
  A sky beast (D:6)
  3 slaves (D:4)
  2 ogres
  2 bullfrogs
  A scorpion (D:6)
  2 killer bees (D:7)
  A bullfrog zombie (D:5)
  A crimson imp (D:5)
  4 orc priests
  4 hounds
  2 orc wizards (D:4)
  A centaur skeleton (D:5)
  2 iguanas
  A gnoll (D:6)
  9 adders
  A shadow imp (D:5)
  6 oozes
  An adder skeleton (D:5)
  An adder zombie (D:6)
  A worm (D:2)
  3 dart slugs
  A leopard gecko (D:1)
  16 orcs
  3 ball pythons
  6 bats
  2 giant cockroaches
  9 goblins
  5 hobgoblins
  15 jackals
  5 quokkas
  6 frilled lizards
  12 kobolds
  12 rats
144 creatures vanquished.

Notes
Turn   | Place    | Note
-------+----------+-------------------------------------------
     0 | D:1      | FluffierThanThou the Minotaur Fighter began the quest for
                  | the Orb.
     0 | D:1      | Reached XP level 1. HP: 19/19 MP: 0/0
    72 | D:1      | Reached XP level 2. HP: 26/27 MP: 1/1
   162 | D:1      | Reached skill level 4 in Fighting
   239 | D:1      | Reached XP level 3. HP: 27/33 MP: 2/2
   843 | D:2      | Reached XP level 4. HP: 32/41 MP: 3/3
  1933 | D:3      | Reached XP level 5. HP: 46/47 MP: 4/4
  2087 | D:3      | Reached skill level 5 in Fighting
  2432 | D:4      | Reached XP level 6. HP: 53/56 MP: 5/5
  2504 | D:4      | Noticed a slave
  2504 | D:4      | Noticed a slave
  2518 | D:4      | Killed a slave
  2527 | D:4      | Noticed a slave
  2528 | D:4      | Noticed Pikel
  2528 | D:4      | Noticed a slave
  2538 | D:4      | Killed a slave
  2547 | D:4      | Killed a slave
  2549 | D:4      | Reached skill level 5 in Axes
  2570 | D:4      | Killed Pikel
  2570 | D:4      | Reached skill level 6 in Fighting
  2570 | D:4      | Reached skill level 5 in Armour
  2570 | D:4      | Reached skill level 5 in Shields
  2570 | D:4      | Reached XP level 7. HP: 36/64 MP: 6/6
  2661 | D:4      | You fall into a shaft and drop 1 floor!
  2661 | D:5      | Entered Level 5 of the Dungeon
  2668 | D:5      | Reached skill level 7 in Fighting
  2743 | D:5      | Found a staircase to the Ecumenical Temple.
  2768 | Temple   | Entered the Ecumenical Temple
  2880 | Temple   | Became a worshipper of Warmaster Okawaru
  3101 | D:4      | Found the +2 hat of the Bear Spirit {Spirit, +Rage rN+
                  | MR++}
  3292 | D:4      | Reached XP level 8. HP: 63/73 MP: 7/7
  4035 | D:6      | Noticed a hippogriff
  4049 | D:6      | Killed a hippogriff
  4049 | D:6      | Reached * piety under Okawaru
  4049 | D:6      | Reached skill level 8 in Fighting
  4492 | D:6      | You fall into a shaft and drop 2 floors!
  4507 | D:7      | Noticed a hornet
  4517 | D:7      | Killed a hornet
  4646 | D:7      | Reached skill level 9 in Fighting
  4657 | D:7      | Reached XP level 9. HP: 21/83 MP: 8/8
  4665 | D:7      | Gained mutation: You passively map a small area around you.
                  | [potion of mutation]
  4665 | D:7      | Gained mutation: You are agile. (Dex +2) [potion of
                  | mutation]
  4665 | D:7      | Gained mutation: You expend magic power (3 MP) to
                  | strengthen your wands. [potion of mutation]
  4665 | D:7      | Gained mutation: You have an increased reservoir of magic.
                  | (+10% MP) [potion of mutation]
  4666 | D:7      | HP: 4/83 [poisoned by a killer bee]
  4672 | D:7      | HP: 4/124 [poisoned by a killer bee]
  4678 | D:7      | HP: 1/124 [poisoned by a killer bee]
  4683 | D:7      | HP: 1/124 [poisoned by a killer bee]
  4686 | D:7      | Succumbed to a killer bee's poison

Levels and vault maps discovered:
D:1:      lightli_arrival_windingriver, layout_basic
D:2:      layout_basic, first_ration
D:3:      layout_loops_ring, st_stairs_7
D:4:      layout_basic, uniq_pikel
D:5:      layout_loops_cross, minmay_temple_entry_slanted
D:6:      layout_basic, minmay_bent
D:7:      layout_basic, hellmonk_ghost_happy_afterlife, uniq_joseph
D:8:      layout_gridville, erik_lair_dragon, the_bakery
Temple:   compressed_dpeg_circular_temple

Skill      XL: |  1  2  3  4  5  6  7  8 |
---------------+-------------------------+-----
Fighting       | 4 5 6 7 9 |  9.1
Axes           | 3 4 6 8 |  8.6
Armour         | 4 5 6 |  6.7
Shields        | 4 5 6 |  6.7

Action                   |  1- 3 |  4- 6 |  7- 9 || total
-------------------------+-------+-------+-------++-------
Melee: War axe           |    73 |   175 |   141 ||   389
       Headbutt          |    10 |    33 |    19 ||    62
  Use: Potion            |       |       |     9 ||     9
       Scroll            |       |       |     9 ||     9
  Eat: Chunk             |       |     6 |     6 ||    12
Armor: Scale mail        |    32 |    72 |    59 ||   163
Dodge: Dodged            |    24 |    45 |    37 ||   106
Block: Shield            |    41 |   108 |    71 ||   220
